 Dungeon Crawl Stone Soup version 0.27-a0-1140-g099f9bb0e8 (webtiles) character file.

Game seed: 1577668004879481272

3511 Mesmaeker13 the Quickloader (level 9, -1/84 HPs)
             Began as a Deep Dwarf Hunter on May 9, 2021.
             Slain by an orc warrior
             ... wielding a +0 hand axe
              (2 damage)
             ... on level 7 of the Dungeon.
             The game lasted 00:14:12 (6935 turns).

Mesmaeker13 the Quickloader (Deep Dwarf Hunter)     Turns: 6935, Time: 00:14:12

Health: -1/84      AC: 15    Str: 18    XL:     9   Next: 81%
Magic:  7/7        EV: 12    Int: 13    God:
Gold:   213        SH:  0    Dex: 13    Spells: 8/8 levels left

rFire    . . .     SeeInvis .   r - +1 war axe (venom)
rCold    . . .     Faith    .   (no shield)
rNeg     . . .     Spirit   .   g - +0 chain mail
rPois    .         Reflect  .   u - +0 helmet
rElec    .         Harm     .   (no cloak)
rCorr    .         Rampage  .   (no gloves)
Will     +....                  (no boots)
Stlth    ..........             (no amulet)
HPRegen  0.00/turn              t - +4 ring of evasion
MPRegen  0.10/turn              o - +4 ring of protection

@: marked, attractive
A: damage resistance, heal wounds, sense surroundings 2, no regeneration
a: Heal Wounds


You were on level 7 of the Dungeon.
You visited 1 branch of the dungeon, and saw 7 of its levels.

You collected 290 gold pieces.
You spent 77 gold pieces at shops.

Inventory:

Hand Weapons
 a - a +1 hand crossbow
 r - a +1 war axe of venom (weapon)
Missiles
 d - 35 bolts
Armour
 g - a +0 chain mail (worn)
 u - a +0 helmet (worn)
Jewellery
 e - a ring of protection from fire
 o - a +4 ring of protection (right hand)
 t - a +4 ring of evasion (left hand)
Wands
 n - a wand of flame (14)
Scrolls
 b - 2 scrolls of immolation {unknown}
 h - a scroll of teleportation
 i - a scroll of acquirement {unknown}
 j - a scroll of vulnerability
Potions
 c - a potion of cancellation {unknown}
 f - a potion of resistance {unknown}
 k - a potion of brilliance {unknown}
 l - 3 potions of flight
 p - a potion of degeneration {unknown}
 q - 5 potions of lignification
 s - a potion of curing
 v - a potion of invisibility {unknown}


   Skills:
 + Level 6.3 Fighting
 + Level 5.7 Axes
 + Level 8.6 Crossbows
 + Level 7.1 Armour
 - Level 2.3 Dodging
 - Level 1.2 Stealth
 + Level 7.6 Evocations


You had 8 spell levels left.
You didn't know any spells.
Your spell library contained the following spells:

 Spells                   Type           Power      Damage    Failure   Level
 Freeze                   Ice            0%         1d3       97%         1
 Confusing Touch          Hex            0%         N/A       100%        3
 Frozen Ramparts          Ice            0%         1d2       100%        3
 Gell's Gravitas          Tloc           0%         N/A       100%        3
 Ozocubu's Armour         Ice            0%         N/A       100%        3
 Cause Fear               Hex            0%         N/A       100%        4
 Hailstorm                Conj/Ice       0%         3d3       100%        4
 Petrify                  Tmut/Erth      0%         N/A       100%        4
 Metabolic Englaciation   Hex/Ice        0%         N/A       100%        5
 Silence                  Hex/Air        0%         N/A       100%        5
 Yara's Violent Unravell  Hex/Tmut       0%         3d3       100%        5
 Discord                  Hex            0%         N/A       100%        8


Dungeon Overview and Level Annotations

Branches:
Dungeon (7/15)             Temple (0/1) D:7

Altars:
Trog
Zin

Shops:
D:1 *[[::   D:5 (


Innate Abilities, Weirdness & Mutations

You are resistant to damage.
You can heal yourself by infusing magical energy.
You passively map the area around you.
You do not regenerate.


Message History

An orc comes into view. It is wielding a +0 flail.
The orc is pulled toward you! The orc warrior is pulled toward you!
The orc warrior pulls the alarm!
The alarm trap emits a blaring wail!
The mark upon you grows brighter.
Items here: ( ) [ †.
Okay, then.
You hear a shout!
You hear a loud, deep croak!
The orc warrior is pulled toward you!
You see here a scroll labelled MEFEUTHR NOFEHA.
You slash the orc!
You kill the orc!
You slash the orc warrior!
The orc warrior is poisoned.
The orc warrior is heavily wounded.
The orc priest is pulled toward you!
The orc warrior hits you with a +0 hand axe.
A wight comes into view.
It is wielding a +2 morningstar of freezing.
The orc priest is pulled toward you! The wight is pulled toward you!
Items here: ( )) [ †.
You barely miss the orc priest. You completely miss the orc warrior.
The orc priest hits you but does no damage.
The orc warrior hits you with a +0 hand axe.
* * * LOW HITPOINT WARNING * * *
The wight is pulled toward you!
You hit the orc priest but do no damage.
The orc priest is poisoned.
You barely miss the orc warrior. The orc warrior barely misses you.
The orc priest hits you but does no damage.
The orc warrior hits you but does no damage.
The orc priest barely misses you. The wight closely misses you.
You closely miss the orc priest. You completely miss the orc warrior.
You barely miss the wight.
The orc priest drinks a potion.
The orc priest is healed!
The orc priest looks more healthy.
The orc warrior hits you with a +0 hand axe!
* * * LOW HITPOINT WARNING * * *
The wight barely misses you.
You closely miss the orc priest. You hit the wight but do no damage.
You hit the orc warrior.
The orc warrior hits you with a +0 hand axe.
You die...

* #. ..)... ,,
#.##.##.@...*** *
#.##.##.... ,
#.##.##..., ,
##.##.##..* #
##...#.##.# .#
#......##(##.## *
#....z........###
#..?@o...........
,
##(o.####.##..###
##### #.##..# ###
#.##..# #..
##.##..#####.#
##...#......#.#
##.#.#.#.#......
##.##.##..#.#.#.#
#.###.......#.#..


You could see an orc warrior (poisoned), a wight and an orc priest.

Vanquished Creatures
  Harold (D:7)
  Pikel (D:5)
  Grinder (D:5)
  Eustachio (D:6)
  A wraith (D:4)
  Duvessa (D:5)
  A water moccasin (D:5)
  An orc warrior (D:7)
  A sky beast (D:5)
  2 phantoms (D:6)
  A centaur (D:5)
  3 lemures (D:5)
  A bullfrog (D:2)
  3 scorpions
  A water moccasin zombie (D:5)
  A wyvern skeleton (D:6)
  A water moccasin skeleton (D:5)
  Dowan (D:5)
  4 wights (D:6)
  2 centaur zombies
  A hound (D:4)
  A gnoll shaman (D:6)
  An orc priest (D:7)
  A jelly (D:5)
  2 iguanas (D:5)
  Ijyb (D:3)
  6 orc wizards
  A killer bee zombie (D:7)
  9 gnolls (D:6)
  8 adders
  An ufetubus (D:6)
  3 worms
  A dart slug (D:4)
  19 orcs
  3 endoplasms
  5 giant cockroaches
  12 goblins
  5 hobgoblins
  13 jackals
  5 quokkas
  4 ball pythons
  7 bats
  5 frilled lizards
  5 kobolds
  4 rats
152 creatures vanquished.

Notes
Turn   | Place    | Note
-------+----------+-------------------------------------------
     0 | D:1      | Mesmaeker13 the Deep Dwarf Hunter began the quest for the
                  | Orb.
     0 | D:1      | Reached XP level 1. HP: 19/19 MP: 1/1
   221 | D:1      | Reached XP level 2. HP: 24/26 MP: 2/2
   338 | D:1      | Found Kizedel's Book Shop.
   385 | D:1      | Found Nidufro's Book Shoppe.
   493 | D:1      | Found Poatumor's Antique Armour Emporium.
   499 | D:1      | Found Haepnoik's Assorted Antiques.
   556 | D:1      | Found Piubboij's Armour Boutique.
  1071 | D:2      | Reached skill level 1 in Armour
  1129 | D:2      | Reached XP level 3. HP: 31/33 MP: 3/3
  2022 | D:2      | Noticed a bullfrog
  2027 | D:2      | Killed a bullfrog
  2028 | D:2      | Reached skill level 5 in Crossbows
  2028 | D:2      | Reached XP level 4. HP: 38/42 MP: 4/4
  2120 | D:3      | Found a faded altar of an unknown god.
  2393 | D:3      | Reached XP level 5. HP: 44/49 MP: 5/5
  2757 | D:3      | Noticed Ijyb
  2766 | D:3      | Killed Ijyb
  3249 | D:4      | Noticed a wraith
  3384 | D:1      | Bought a war axe for 77 gold pieces
  3598 | D:4      | Reached skill level 1 in Evocations
  3745 | D:4      | Killed a wraith
  3746 | D:4      | Reached skill level 6 in Crossbows
  3746 | D:4      | Reached XP level 6. HP: 27/57 MP: 6/6
  4038 | D:4      | Found a glowing silver altar of Zin.
  4446 | D:5      | Entered Level 5 of the Dungeon
  4523 | D:5      | Reached XP level 7. HP: 21/64 MP: 7/7
  4558 | D:5      | Reached skill level 1 in Axes
  4870 | D:5      | Noticed Dowan
  4895 | D:5      | Killed Dowan
  5064 | D:5      | Noticed Duvessa
  5094 | D:5      | Killed Duvessa
  5095 | D:5      | Reached XP level 8. HP: 36/73 MP: 7/7
  5237 | D:5      | Found Qubruh's Weapon Emporium.
  5278 | D:5      | Noticed Grinder
  5309 | D:5      | Killed Grinder
  5310 | D:5      | Reached skill level 7 in Crossbows
  5310 | D:5      | Reached skill level 5 in Armour
  5374 | D:5      | Reached skill level 5 in Evocations
  5599 | D:5      | Noticed Pikel
  5608 | D:5      | Paralysed by Pikel for 5 turns
  5618 | D:5      | Killed Pikel
  5619 | D:5      | Reached skill level 5 in Fighting
  5794 | D:6      | Found a bloodstained altar of Trog.
  5888 | D:6      | Gained mutation: You passively map the area around you.
                  | [Deep Dwarf growth]
  5888 | D:6      | Reached XP level 9. HP: 21/81 MP: 8/8
  5944 | D:6      | Noticed Eustachio
  5951 | D:6      | Killed Eustachio
  6108 | D:6      | Reached skill level 8 in Crossbows
  6599 | D:7      | Noticed Harold
  6774 | D:7      | Reached skill level 5 in Axes
  6926 | D:7      | Killed Harold
  6934 | D:7      | HP: 1/84 [orc warrior/+0 hand axe (9)]
  6935 | D:7      | Slain by an orc warrior

Illustrated notes

Levels and vault maps discovered:
D:1:      erik_arrival_cave_to_civilisation [erik_arrival_cave_to_hall],
          layout_basic, serial_shops, nicolae_shop_window_shopping,
          nicolae_shop_overgrown_old_shop,
          nicolae_shop_temple_entry_statues_fountains, nicolae_shop_trees, shop,
          minmay_curled_crystal, chequers_serial_rivers_small_a
D:2:      layout_basic
D:3:      kennysheep_the_goblin_king, layout_basic,
          hellmonk_ecumenical_altar_crossroads, hangedman_decor_diamond_cutter
D:4:      layout_basic, old_standard_altar, minivault_4, hangedman_decor_lopped,
          minmay_misc_feat_rows, grunt_ministairs_6, lemuel_old_faithful
D:5:      layout_loops_ring, serial_shops, shop_statue, uniq_pikel,
          uniq_duvessa, uniq_grinder
D:6:      layout_loops_cross, nicolae_overflow_hidden_temple, uniq_eustachio
D:7:      layout_loops_ring, minmay_temple_entry_large_hall, serial_shops,
          kennysheep_mini, uniq_harold, uniq_menkaure, uniq_crazy_yiuf_cottage

Skill      XL: |  1  2  3  4  5  6  7  8  9 |
---------------+----------------------------+-----
Fighting       | 2 3 4 5 6 |  6.3
Armour         | 1 2 3 4 5 7 |  7.1
Crossbows      | 5 6 7 8 |  8.6
Evocations     | 2 3 4 6 7 |  7.6
Axes           | 2 4 5 |  5.7
Dodging        | |  2.3
Stealth        | |  1.2

Action                   |  1- 3 |  4- 6 |  7- 9 || total
-------------------------+-------+-------+-------++-------
Melee: War axe           |       |    70 |   226 ||   296
       Short sword       |       |     6 |       ||     6
 Fire: Hand crossbow     |    84 |   111 |    56 ||   251
 Abil: Heal Wounds       |       |     1 |    10 ||    11
Evoke: Wand              |       |     7 |    11 ||    18
  Use: Scroll            |       |     4 |     1 ||     5
       Potion            |       |       |     3 ||     3
 Stab: Paralysed         |       |       |     4 ||     4
Armor: Leather armour    |     2 |       |       ||     2
       Chain mail        |    19 |    85 |   136 ||   240
       Skin              |       |       |    16 ||    16
Dodge: Dodged            |    18 |    66 |   150 ||   234

Table legend: (Time is in decaauts)
 A = Elapsed time spent in this place.
 B = Non-inter-level travel time spent in this place.
 C = Inter-level travel time spent in this place.
 D = Time resting spent in this place.
 E = Time spent auto-exploring this place.
 F = Levels seen in this place.
 G = Mean time per level.
                   A        B        C        D        E       F      G
               +--------+--------+--------+--------+--------+-----+--------+
         Total |   7117 |   6611 |    506 |    805 |   4191 |   7 | 1016.7 |
       Dungeon |   7117 |   6611 |    506 |    805 |   4191 |   7 | 1016.7 |
               +--------+--------+--------+--------+--------+-----+--------+

Top non-repeatable levels by time:
     D:5: 1338 daAuts
     D:3: 1225 daAuts
     D:4: 1149 daAuts
     D:2: 1116 daAuts
     D:1: 1060 daAuts
     D:6: 776 daAuts
     D:7: 450 daAuts
